AoeStats
← 76561199122638748

Coastal Forest

510523362Analyzed
4v4 RM · 2d ago on Oct 1, 2026· 15m 21s· 8 players
Game mode
Random Map
Map size
Large (8 player)
Population
200
Speed
Normal
Resources
Standard
Victory
Conquest
Starting age
Dark Age
Ending age
Imperial Age
RankedLock teamsTeams togetherTeam positionsShared explorationLock speedFull tech treeHidden civsTurbo modeCheats
Victory
Defeat
1154
+16
1145
+16
1124
+17
🇨🇳 Teutons · China
1078
+20
1164
-18
1160
-18
🇳🇱 Persians · Netherlands
1144
-17
🇨🇳 Franks · China
1112
-16
76561199122638748
12:21 Feudal Age
17:12 Castle Age
GeKKeGerdaa
10:42 Feudal Age
17:00 Castle Age
14:48 Double-Bit Axe
遇事不决选天朝
12:49 Feudal Age
11:10 Loom
16:29 Castle Age
14:46 Double-Bit Axe
适合结婚的好妹妹
12:05 Feudal Age
11:00 Loom
手抓饼No生菜
0:45 Loom
13:14 Feudal Age
Garden guard 暗精灵
3:44 Loom
12:01 Feudal Age
17:02 Castle Age
15:22 Gold Mining
15:18 Double-Bit Axe
Delicately operated 地毯哥
5:51 Loom
11:22 Feudal Age
13:03 Double-Bit Axe
14:57 Forging
15:23 Scale Barding Armor
Absolutely defensive Tony老师
6:13 Loom
9:29 Feudal Age
9:40 Man-at-Arms
10:09 Double-Bit Axe
12:34 Horse Collar
13:30 Arson
Connection lost

Rejoining the realm…

Still unreachable

The connection could not be restored.

Session expired

The server has moved on; the page needs a fresh start.